 Dungeon Crawl Stone Soup version 0.26.1-2-gb8aa6d0cf2 (webtiles) character file.

Game seed: 3153879420110775841

130 night the Conjurer (level 5, 37/37 HPs)
             Began as a Gnoll Conjurer on Mar 6, 2021.
             Got out of the dungeon alive.
             The game lasted 00:03:37 (2149 turns).

night the Conjurer (Gnoll Conjurer)                 Turns: 2149, Time: 00:03:38

Health: 37/37      AC:  2    Str:  9    XL:     5   Next: 14%
Magic:  12/12      EV: 14    Int: 21    God:
Gold:   127        SH:  4    Dex: 14    Spells: 11/14 levels left

rFire    . . .     SeeInvis .   j - +0 short sword
rCold    . . .     Faith    .   u - +0 buckler {rN+}
rNeg     + . .     Spirit   .   a - +0 robe
rPois    .         Reflect  .   (no helmet)
rElec    .         Harm     .   (no cloak)
rCorr    .         Rampage  .   (no gloves)
Will     .....                  (no boots)
Stlth    +++.......             (no amulet)
HPRegen  0.12/turn              (no ring)
MPRegen  0.13/turn              (no ring)

@: no status effects
A: distributed training, fangs 1, strong nose
a: no special abilities


You escaped.
You visited 1 branch of the dungeon, and saw 2 of its levels.

You collected 127 gold pieces.

Inventory:

Hand Weapons
 j - a +0 short sword (weapon)
Missiles
 c - 103 stones
 d - 25 arrows
 e - 11 poisoned darts
 g - 38 bolts
 i - 2 datura-tipped darts
Armour
 a - a +0 robe (worn)
 u - a +0 buckler of positive energy (worn)
Jewellery
 r - a +4 ring of protection
Scrolls
 b - 5 scrolls of identify {unknown}
 h - 2 scrolls of enchant armour {unknown}
 l - a scroll of blinking {unknown}
 n - 2 scrolls of random uselessness {unknown}
 o - a scroll of teleportation {unknown}
 p - 2 scrolls of amnesia {unknown}
 s - a scroll of remove curse {unknown}
Potions
 f - a potion of invisibility {unknown}
 k - a potion of might {unknown}
 m - 3 potions of curing {unknown}
 q - a potion of heal wounds
 t - a potion of brilliance {unknown}


   Skills:
 + Level 1.4 Fighting
 + Level 1.4 Short Blades
 + Level 1.4 Long Blades
 + Level 1.4 Axes
 + Level 1.4 Maces & Flails
 + Level 1.4 Polearms
 + Level 1.4 Staves
 + Level 1.4 Slings
 + Level 1.4 Bows
 + Level 1.4 Crossbows
 + Level 1.4 Throwing
 + Level 1.4 Armour
 + Level 4.7 Dodging
 + Level 4.3 Stealth
 + Level 1.4 Shields
 + Level 1.4 Unarmed Combat
 + Level 5.1 Spellcasting
 + Level 7.2 Conjurations
 + Level 1.1 Hexes
 + Level 1.1 Summonings
 + Level 1.1 Necromancy
 + Level 1.1 Translocations
 + Level 1.1 Transmutations
 + Level 1.1 Fire Magic
 + Level 1.1 Ice Magic
 + Level 1.1 Air Magic
 + Level 1.1 Earth Magic
 + Level 1.1 Poison Magic
 + Level 1.5 Invocations
 + Level 1.4 Evocations


You had 11 spell levels left.
You knew the following spells:

 Your Spells              Type           Power        Failure   Level
a - Magic Dart            Conj           100%         1%          1
b - Searing Ray           Conj           70%          1%          2

Your spell library contained the following spells:

 Spells                   Type           Power        Failure   Level
 Dazzling Flash           Conj/Hex       44%          8%          3
 Fulminant Prism          Conj/Hex       11%          26%         4
 Iskenderun's Mystic Bla  Conj/Tloc      22%          26%         4


Dungeon Overview and Level Annotations

Branches:
Dungeon (2/15)

Altars:
Cheibriados
Zin


Innate Abilities, Weirdness & Mutations

Your experience applies equally to all skills.
You have very sharp teeth.
Your uncanny sense of smell can sniff out nearby items.


Message History

Things that are here:
a +0 dagger; a +0 robe
Things that are here:
a +0 club; a rat corpse; a kobold corpse You see here a dyed leather armour.
You see here a dyed leather armour.
(D) Dungeon
Where to? (Enter - D:2 @ (x,y), ? - help)
What level of the Dungeon? (default 1, ? - help)
Things that are here:
a +0 club; a rat corpse; a kobold corpse
Things that are here:
a +0 dagger; a +0 robe
There is a stone staircase leading up here.
You climb upwards.
There is a stone staircase leading down here.
There is a staircase leading out of the dungeon here.
You can't go down here!
Are you sure you want to leave the Dungeon?
This will make you lose the game!
You have escaped!

....##....## #.......
....##.....## ########
....###.....## # .#######.....##
# .......##.....## #######
####....##.....## #...... #
#.###.##.....###########.####.
####.###.###..8...........#.# #.
...........##...@...........####.
####.###.###..>...........#.##...
.###.###.##.....###########.##.#.
..##....##.....## #.#####.##...
.########.....## #.#........#. ##
##.....## #.#.###...... #
##.....### #.......##### #
#.....##.# ###.##### # ##
#....##..# #.# ##


There were no monsters in sight!

Vanquished Creatures
  Jessica (D:2)
  3 gnolls (D:2)
  3 adders (D:2)
  An ooze (D:1)
  A worm (D:2)
  3 dart slugs
  2 giant cockroaches
  3 goblins
  4 hobgoblins
  4 jackals
  5 kobolds
  2 bats
  2 frilled lizards
  5 rats
39 creatures vanquished.

Notes
Turn   | Place    | Note
-------+----------+-------------------------------------------
     0 | D:1      | night the Gnoll Conjurer began the quest for the Orb.
     0 | D:1      | Reached XP level 1. HP: 13/13 MP: 6/6
   319 | D:1      | Reached XP level 2. HP: 19/19 MP: 5/7
  1210 | D:1      | Reached XP level 3. HP: 19/25 MP: 6/9
  1213 | D:1      | Learned a level 2 spell: Searing Ray
  1288 | D:2      | Reached skill level 5 in Spellcasting
  1470 | D:2      | Reached skill level 1 in Invocations
  1486 | D:2      | Reached skill level 1 in Fighting
  1486 | D:2      | Reached skill level 1 in Short Blades
  1486 | D:2      | Reached skill level 1 in Long Blades
  1486 | D:2      | Reached skill level 1 in Axes
  1486 | D:2      | Reached skill level 1 in Maces & Flails
  1486 | D:2      | Reached skill level 1 in Polearms
  1486 | D:2      | Reached skill level 1 in Staves
  1486 | D:2      | Reached skill level 1 in Slings
  1486 | D:2      | Reached skill level 1 in Bows
  1486 | D:2      | Reached skill level 1 in Crossbows
  1486 | D:2      | Reached skill level 1 in Throwing
  1486 | D:2      | Reached skill level 1 in Armour
  1486 | D:2      | Reached skill level 1 in Shields
  1486 | D:2      | Reached skill level 1 in Unarmed Combat
  1486 | D:2      | Reached skill level 1 in Evocations
  1518 | D:2      | Reached XP level 4. HP: 32/32 MP: 6/11
  1550 | D:2      | Found a glowing silver altar of Zin.
  1734 | D:2      | Reached skill level 1 in Hexes
  1734 | D:2      | Reached skill level 1 in Summonings
  1734 | D:2      | Reached skill level 1 in Necromancy
  1734 | D:2      | Reached skill level 1 in Translocations
  1734 | D:2      | Reached skill level 1 in Transmutations
  1734 | D:2      | Reached skill level 1 in Fire Magic
  1734 | D:2      | Reached skill level 1 in Ice Magic
  1734 | D:2      | Reached skill level 1 in Air Magic
  1734 | D:2      | Reached skill level 1 in Earth Magic
  1734 | D:2      | Reached skill level 1 in Poison Magic
  1949 | D:2      | Found a snail-covered altar of Cheibriados.
  2037 | D:2      | Noticed Jessica
  2041 | D:2      | Killed Jessica
  2042 | D:2      | Reached XP level 5. HP: 37/37 MP: 9/12
  2149 | D:$      | Got out of the dungeon alive.

Illustrated notes

Levels and vault maps discovered:
D:1:      psy_arrival_spokes, layout_loops_corners, minmay_unequal
D:2:      layout_rooms, general_overflow_altar, old_standard_altar, st_stairs_2,
          grunt_qazlal_sundering, uniq_jessica

Skill      XL: |  1  2  3  4 |
---------------+-------------+-----
Spellcasting   | 5 |  5.1
Invocations    | 1 |  1.5
Fighting       | 1 |  1.4
Short Blades   | 1 |  1.4
Long Blades    | 1 |  1.4
Axes           | 1 |  1.4
Maces & Flails | 1 |  1.4
Polearms       | 1 |  1.4
Staves         | 1 |  1.4
Slings         | 1 |  1.4
Bows           | 1 |  1.4
Crossbows      | 1 |  1.4
Throwing       | 1 |  1.4
Armour         | 1 |  1.4
Shields        | 1 |  1.4
Unarmed Combat | 1 |  1.4
Evocations     | 1 |  1.4
Hexes          | 1 |  1.1
Summonings     | 1 |  1.1
Necromancy     | 1 |  1.1
Translocations | 1 |  1.1
Transmutations | 1 |  1.1
Fire Magic     | 1 |  1.1
Ice Magic      | 1 |  1.1
Air Magic      | 1 |  1.1
Earth Magic    | 1 |  1.1
Poison Magic   | 1 |  1.1
Dodging        | |  4.7
Stealth        | |  4.3
Conjurations   | |  7.2

Action                   |  1- 3 |  4- 6 || total
-------------------------+-------+-------++-------
Melee: Short sword       |     1 |       ||     1
 Cast: Magic Dart        |    54 |    28 ||    82
       Searing Ray       |       |     2 ||     2
Dodge: Dodged            |     5 |     2 ||     7
